 Dungeon Crawl Stone Soup version 0.30-a0-830-gfe289a77b0 (webtiles) character file.

Game seed: 14329018892386310998

23300 porpoise the Covert (level 13, -1/98 HPs)
             Began as a Gnoll Enchanter on Mar 1, 2023.
             Was an Elder of Dithmenos.
             Collided with a rock wall (12 damage)
             ... caused by a wind drake
             ... on level 3 of the Lair of Beasts.
             The game lasted 01:10:38 (16469 turns).

porpoise the Covert (Gnoll Enchanter)              Turns: 16469, Time: 01:10:39

Health: -1/98      AC: 14    Str:  8    XL:     13   Next: 5%
Magic:  22/26      EV: 16    Int: 18    God:    Dithmenos [****..]
Gold:   650        SH:  7    Dex: 20    Spells: 11/31 levels left

rFire   . . .      SeeInvis .    a - +4 dagger (venom)
rCold   . . .      Faith    .    y - +0 buckler
rNeg    . . .      Spirit   .    M - +0 acid dragon scales
rPois   .          Reflect  .    R - +0 helmet
rElec   .          Harm     .    (no cloak)
rCorr   +          Rampage  .    (no gloves)
Will    .....                    G - +0 pair of boots
Stlth   ++++++                   (no amulet)
HPRegen 0.36/turn                E - +4 ring of protection
MPRegen 0.20/turn                d - +6 ring of dexterity

@: about to teleport, wreathed by umbra
A: fangs 1, strong nose, distributed training
a: Renounce Religion, Shadow Step


You were on level 3 of the Lair of Beasts.
You worshipped Dithmenos.
Dithmenos was greatly pleased with you.
You visited 3 branches of the dungeon, and saw 14 of its levels.
You also visited: Bailey.

You collected 747 gold pieces.
You spent 97 gold pieces at shops.

Inventory:

Hand Weapons
 a - a +4 dagger of venom (weapon)
 w - a +3 scimitar of flaming
Missiles
 F - a curare-tipped dart (quivered)
Armour
 f - an orb of wrath
 y - a +0 buckler (worn)
 G - a +0 pair of boots (worn)
 M - +0 acid dragon scales (worn)
 R - a +0 helmet (worn)
Magical Staves
 g - a staff of conjuration
Jewellery
 d - a +6 ring of dexterity (right hand)
 o - a ring of positive energy
 E - a +4 ring of protection (left hand)
 H - the ring of Weruus {rPois rF- rC+ Int+2 Dex+3}
   (You found it on level 7 of the Dungeon)

   [ring of poison resistance]

   Int:       It affects your intelligence (+2).
   Dex:       It affects your dexterity (+3).
   rF:        It makes you vulnerable to fire.
   rC:        It protects you from cold.
   rPois:     It protects you from poison.
 W - a ring of resist corrosion
Wands
 e - a wand of paralysis (19)
 k - a wand of polymorph (10)
 t - a wand of mindburst (8)
 N - a wand of roots (3)
Scrolls
 b - a scroll of teleportation
 j - 5 scrolls of summoning
 q - a scroll of poison
 B - 3 scrolls of vulnerability
 V - 3 scrolls of identify
Potions
 c - 4 potions of invisibility
 h - a potion of berserk rage
 i - 3 potions of flight
 m - 3 potions of cancellation
 r - a potion of curing
 z - a potion of lignification
 C - 2 potions of attraction
 J - 3 potions of resistance
 X - a potion of ambrosia


   Skills:
 + Level 8.2 Fighting
 + Level 8.6 Short Blades
 + Level 8.2 Long Blades
 + Level 8.2 Axes
 + Level 8.2 Maces & Flails
 + Level 8.2 Polearms
 + Level 8.2 Staves
 + Level 8.2 Ranged Weapons
 + Level 8.2 Throwing
 + Level 8.2 Armour
 + Level 9.4 Dodging
 + Level 10.2 Stealth
 + Level 8.2 Shields
 + Level 8.2 Unarmed Combat
 + Level 9.7 Spellcasting
 + Level 6.8 Conjurations
 + Level 8.8 Hexes
 + Level 6.8 Summonings
 + Level 6.8 Necromancy
 + Level 6.8 Translocations
 + Level 6.8 Transmutations
 + Level 6.8 Fire Magic
 + Level 6.8 Ice Magic
 + Level 6.8 Air Magic
 + Level 6.8 Earth Magic
 + Level 6.8 Poison Magic
 + Level 9.0 Invocations
 + Level 8.2 Evocations


You had 11 spell levels left.
You knew the following spells:

 Your Spells              Type           Power      Damage    Failure   Level
a - Confusing Touch       Hex            40%        N/A       1%          3
d - Dazzling Flash        Conj/Hex       74%        N/A       1%          3
e - Ensorcelled Hibernat  Hex/Ice        74%        N/A       1%          2
f - Sticky Flame          Conj/Fire      33%        2d5       10%         4
k - Blink                 Tloc           66%        N/A       1%          2
s - Stone Arrow           Conj/Erth      66%        3d11      3%          3
t - Tukima's Dance        Hex            40%        N/A       1%          3

Your spell library contained the following spells:

 Spells                   Type           Power      Damage    Failure   Level
 Apportation              Tloc           66%        N/A       1%          1
 Necrotise                Necr           100%       1d9       1%          1
 Summon Small Mammal      Summ           100%       N/A       1%          1
 Inner Flame              Hex/Fire       37%        N/A       1%          3
 Vampiric Draining        Necr           33%        2d8       3%          3
 Flame Wave               Conj/Fire      33%        2d10      10%         4
 Manifold Assault         Tloc           33%        N/A       10%         4
 Agony                    Necr           33%        N/A       26%         5
 Lightning Bolt           Conj/Air       16%        1d30      26%         5
 Storm Form               Tmut/Air       16%        N/A       100%        7


Dungeon Overview and Level Annotations

Branches:
Dungeon (10/15)            Temple (1/1) D:7            Lair (3/5) D:9
 Shoals (0/4) Lair:3       Spider (0/4) Lair:3       Bailey (visited)
    Orc: D:9-12

Altars:
Ashenzari
Cheibriados
Dithmenos
Elyvilon
Fedhas
Gozag
Hepliaklqana
Kikubaaqudgha
Makhleb
Nemelex Xobeh
Okawaru
Qazlal
Ru
Trog
Uskayaw
Vehumet
Wu Jian
Xom
Yredelemnul
Zin
The Shining One

Shops:
D:4 ?

Annotations:
D:3 3 runed translucent doors, Mickster's ghost, amateur TrBe
D:10 2 runed translucent doors


Innate Abilities, Weirdness & Mutations

You have very sharp teeth.
Your uncanny sense of smell can sniff out nearby items.
Your experience applies equally to all skills.


Message History

You are too injured to fight recklessly!
You hit the eight-headed hydra.
You bite the eight-headed hydra, but do no damage.
The eight-headed hydra is almost dead.
You hit the eight-headed hydra.
The eight-headed hydra looks as sick as possible!
The eight-headed hydra is almost dead.
You kill the eight-headed hydra!
Dithmenos accepts your kill.
The manticore bites the fungus!!
The fungus begins to die.
The manticore claws the fungus!
The manticore claws the fungus.
Your Invocations skill increases to level 9!
The wind drake flaps its wings at you. The air twists around and strikes you!
The wind drake flaps its wings at you. The air twists around and strikes you!
* * * LOW HITPOINT WARNING * * *
The wind drake flaps its wings at you. The air twists around and strikes you.
Casting: Ensorcelled Hibernation (safe; 1% risk of failure)
Confirm with . or Enter, or press ? or * to list all spells.
Aiming: Ensorcelled Hibernation (safe; 1% risk of failure)
Press: ? - help, Shift-Dir - straight line, f - wind drake
Aim: a wind drake (repelling missiles, umbra, chance to affect: 47%)
The wind drake resists with some effort.
The wind drake flaps its wings at you. The air twists around and strikes you!
* * * LOW HITPOINT WARNING * * *
Casting: Ensorcelled Hibernation (safe; 1% risk of failure)
Confirm with . or Enter, or press ? or * to list all spells.
Aiming: Ensorcelled Hibernation (safe; 1% risk of failure)
Press: ? - help, Shift-Dir - straight line, f/p - wind drake
Aim: a wind drake (repelling missiles, umbra, chance to affect: 47%)
The wind drake resists with some effort.
As you read the scroll of teleportation, it crumbles to dust.
You feel strangely unstable.
The wind drake exhales a fierce blast of wind!
You are knocked back by the gust of wind.
You slam into the rock wall!
You die...

?P... #...### #...†##
##....## #.H....#
##k..^.# #.....#.# ∆
#####k.#######
#@##..†...#..## ^ ∆
##kH..#$...^>^##..
#........##.....#..$..
##.>....##.##..^#^#..
#.#.....####..^...#^##
#.
##....##PP.###.##^^#
##........ ##..^#
##...#### #....# #...#
##...##


You could see a wind drake (repels missiles, catching breath) and a manticore.

Vanquished Creatures
  Gastronok (Lair:1)
  2 hydras
  A catoblepas (Lair:2)
  A boulder beetle (Lair:2)
  Erica (D:10)
  A two-headed ogre (D:10)
  A skyshark (Lair:3)
  Nergalle (Lair:1)
  2 orc sorcerers (Bailey)
  Maggie (D:9)
  4 cane toads
  A kobold demonologist (D:10)
  4 komodo dragons
  A troll (D:10)
  3 polar bears
  Grinder (D:3)
  2 centaur simulacra (D:10)
  A jumping spider (Lair:3)
  2 shadows
  Grum (D:8)
  13 yaks
  2 basilisks
  6 wyverns
  16 water moccasins
  Duvessa (D:6)
  4 black bears
  2 sky beasts (D:7)
  5 ice beasts
  15 orc warriors
  6 wolves
  3 ogres
  5 centaurs
  A phantom (D:4)
  3 kobold brigands
  12 bullfrogs
  A necrophage (D:6)
  A gnoll sergeant (D:9)
  A scorpion (D:5)
  9 wights
  Dowan (D:6)
  12 killer bees
  4 howler monkeys
  2 electric eels (Bailey)
  6 hounds
  2 gnoll boudas (D:8)
  2 jellies
  7 orc priests
  An iguana (D:5)
  14 orc wizards
  17 gnolls
  9 adders
  A shadow imp (D:6)
  3 white imps
  4 ufetubi
  4 worms
  2 dart slugs
  25 orcs
  4 ball pythons
  6 endoplasms
  6 giant cockroaches
  14 goblins
  14 hobgoblins
  3 quokkas
  4 bats
  5 frilled lizards
  16 kobolds
  4 rats
330 creatures vanquished.

Vanquished Creatures (others)
  A dancing weapon (D:9)
  A dart slug (D:3)
  11 fungi
  17 plants (D:9)
30 creatures vanquished.

Grand Total: 360 creatures vanquished

Notes
Turn   | Place    | Note
-------+----------+-------------------------------------------
     0 | D:1      | porpoise the Gnoll Enchanter began the quest for the Orb.
     0 | D:1      | Reached XP level 1. HP: 13/13 MP: 6/6
    13 | D:1      | Noticed a shining eye
    21 | D:1      | Found a faded altar of an unknown god.
    23 | D:1      | Noticed a shining eye
    24 | D:1      | Noticed a floating eye
    24 | D:1      | Noticed a golden eye
   337 | D:1      | Reached XP level 2. HP: 19/19 MP: 7/7
   341 | D:1      | Learned a level 2 spell: Ensorcelled Hibernation
   894 | D:2      | Reached skill level 5 in Spellcasting
   894 | D:2      | Reached XP level 3. HP: 25/25 MP: 3/9
   950 | D:2      | Learned a level 3 spell: Confusing Touch
   954 | D:2      | Learned a level 3 spell: Tukima's Dance
  1149 | D:2      | Reached skill level 6 in Stealth
  1191 | D:2      | Reached skill level 1 in Invocations
  1450 | D:2      | Reached skill level 1 in Fighting
  1450 | D:2      | Reached skill level 1 in Long Blades
  1450 | D:2      | Reached skill level 1 in Axes
  1450 | D:2      | Reached skill level 1 in Maces & Flails
  1450 | D:2      | Reached skill level 1 in Polearms
  1450 | D:2      | Reached skill level 1 in Staves
  1450 | D:2      | Reached skill level 1 in Ranged Weapons
  1450 | D:2      | Reached skill level 1 in Throwing
  1450 | D:2      | Reached skill level 1 in Armour
  1450 | D:2      | Reached skill level 1 in Shields
  1450 | D:2      | Reached skill level 1 in Unarmed Combat
  1450 | D:2      | Reached skill level 1 in Evocations
  1633 | D:3      | Reached skill level 1 in Conjurations
  1633 | D:3      | Reached skill level 1 in Summonings
  1633 | D:3      | Reached skill level 1 in Necromancy
  1633 | D:3      | Reached skill level 1 in Translocations
  1633 | D:3      | Reached skill level 1 in Transmutations
  1633 | D:3      | Reached skill level 1 in Fire Magic
  1633 | D:3      | Reached skill level 1 in Ice Magic
  1633 | D:3      | Reached skill level 1 in Air Magic
  1633 | D:3      | Reached skill level 1 in Earth Magic
  1633 | D:3      | Reached skill level 1 in Poison Magic
  1633 | D:3      | Reached XP level 4. HP: 32/32 MP: 11/11
  1903 | D:3      | Reached XP level 5. HP: 23/37 MP: 6/12
  2029 | D:3      | Noticed Grinder
  2048 | D:3      | Killed Grinder
  2049 | D:3      | Reached skill level 5 in Dodging
  2049 | D:3      | Reached XP level 6. HP: 13/44 MP: 11/14
  2262 | D:3      | Found a runed translucent gate.
  2262 | D:3      | Found a runed translucent gate.
  2262 | D:3      | Found a runed translucent gate.
  2268 | D:3      | Noticed Mickster's ghost (amateur TrBe)
  2941 | D:4      | Reached XP level 7. HP: 26/51 MP: 13/15
  3175 | D:4      | Found Loiz Mosh's Magic Scroll Shoppe.
  3178 | D:4      | Bought a scroll of blinking for 97 gold pieces
  3260 | D:4      | Found an iron altar of Okawaru.
  3507 | D:5      | Entered Level 5 of the Dungeon
  3527 | D:5      | Found a white marble altar of Elyvilon.
  3529 | D:5      | Found a snail-covered altar of Cheibriados.
  3603 | D:5      | Found a sacrificial altar of Ru.
  3617 | D:5      | Found an ancient bone altar of Kikubaaqudgha.
  3853 | D:4      | Reached XP level 8. HP: 23/58 MP: 11/16
  4495 | D:5      | Found an ornate altar of the Wu Jian Council.
  4815 | D:5      | Reached skill level 7 in Stealth
  5454 | D:6      | Reached XP level 9. HP: 53/65 MP: 18/18
  5567 | D:6      | Noticed Dowan
  5570 | D:6      | Noticed Duvessa
  5577 | D:6      | Killed Dowan
  5584 | D:6      | Killed Duvessa
  5635 | D:6      | Learned a level 3 spell: Dazzling Flash
  5662 | D:6      | Reached skill level 5 in Short Blades
  6066 | D:7      | Found a shimmering altar of Xom.
  6075 | D:7      | Found a staircase to the Ecumenical Temple.
  6097 | Temple   | Entered the Ecumenical Temple
  6326 | Temple   | Became a worshipper of Dithmenos the Shadowed
  6529 | D:7      | Reached skill level 5 in Invocations
  6906 | D:7      | Identified the ring of Weruus {rPois rF- rC+ Int+2 Dex+3}
  7050 | D:7      | You fall into a shaft and drop 1 floor!
  7178 | D:8      | Found a radiant altar of Vehumet.
  7197 | D:8      | Reached * piety under Dithmenos
  7212 | D:8      | Reached skill level 5 in Fighting
  7212 | D:8      | Reached skill level 5 in Long Blades
  7212 | D:8      | Reached skill level 5 in Axes
  7212 | D:8      | Reached skill level 5 in Maces & Flails
  7212 | D:8      | Reached skill level 5 in Polearms
  7212 | D:8      | Reached skill level 5 in Staves
  7212 | D:8      | Reached skill level 5 in Ranged Weapons
  7212 | D:8      | Reached skill level 5 in Throwing
  7212 | D:8      | Reached skill level 5 in Armour
  7212 | D:8      | Reached skill level 5 in Shields
  7212 | D:8      | Reached skill level 5 in Unarmed Combat
  7212 | D:8      | Reached skill level 5 in Evocations
  7212 | D:8      | Reached XP level 10. HP: 62/74 MP: 13/20
  7363 | D:8      | Reached skill level 8 in Stealth
  8026 | D:8      | Noticed Grum
  8057 | D:8      | Killed Grum
  8407 | D:8      | Learned a level 2 spell: Blink
  8619 | D:9      | Noticed Maggie
  8633 | D:9      | Killed Maggie
  9056 | D:9      | Reached ** piety under Dithmenos
  9065 | D:9      | HP: 2/67 [wyvern (4)]
  9069 | D:9      | Reached skill level 5 in Conjurations
  9069 | D:9      | Reached skill level 5 in Summonings
  9069 | D:9      | Reached skill level 5 in Necromancy
  9069 | D:9      | Reached skill level 5 in Translocations
  9069 | D:9      | Reached skill level 5 in Transmutations
  9069 | D:9      | Reached skill level 5 in Fire Magic
  9069 | D:9      | Reached skill level 5 in Ice Magic
  9069 | D:9      | Reached skill level 5 in Air Magic
  9069 | D:9      | Reached skill level 5 in Earth Magic
  9069 | D:9      | Reached skill level 5 in Poison Magic
  9069 | D:9      | Reached XP level 11. HP: 30/76 MP: 5/22
  9250 | D:9      | Found a staircase to the Lair.
 10330 | D:10     | Entered Level 10 of the Dungeon
 10593 | D:10     | Noticed Erica
 10599 | D:10     | Reached *** piety under Dithmenos
 10612 | D:10     | Killed Erica
 10613 | D:10     | Reached skill level 9 in Stealth
 10693 | D:10     | Found a flagged portal.
 10703 | Bailey   | Entered a bailey
 11140 | Bailey   | Acquired the Guidebook on Hurting
 11146 | Bailey   | Learned a level 3 spell: Stone Arrow
 11168 | Bailey   | Noticed an orc sorcerer
 11175 | Bailey   | Killed an orc sorcerer
 11474 | Bailey   | Found an iron altar of Okawaru.
 11474 | Bailey   | Noticed an orc sorcerer
 11488 | Bailey   | Killed an orc sorcerer
 11590 | Bailey   | Identified the +0 robe "Xum Ipy" {rF+ rC+++ Str-5 Int+3}
 11637 | Bailey   | Identified the +2 war axe of Vengeance {freeze, Fly Str+3
                  | Int-4 Dex+2}
 11749 | D:10     | Found a runed translucent door.
 11787 | D:10     | Noticed a two-headed ogre
 11799 | D:10     | Killed a two-headed ogre
 12064 | D:10     | Reached XP level 12. HP: 70/91 MP: 21/24
 12190 | D:10     | Reached **** piety under Dithmenos
 12418 | D:10     | Learned a level 4 spell: Sticky Flame
 12441 | D:10     | Found a runed translucent door.
 12840 | Lair:1   | Entered Level 1 of the Lair of Beasts
 12847 | Lair:1   | Noticed Nergalle
 12877 | Lair:1   | Killed Nergalle
 13070 | Lair:1   | Noticed Gastronok
 13096 | Lair:1   | Killed Gastronok
 13447 | Lair:1   | Noticed a six-headed hydra
 13458 | Lair:1   | Killed a six-headed hydra
 15005 | Lair:2   | Noticed a catoblepas
 15034 | Lair:2   | HP: 4/92 [catoblepas (3)]
 15035 | Lair:2   | HP: 1/92 [catoblepas (4)]
 15611 | Lair:2   | Reached skill level 10 in Stealth
 15698 | Lair:2   | Noticed a boulder beetle
 15755 | Lair:2   | Killed a boulder beetle
 15895 | Lair:2   | Killed a catoblepas
 16258 | Lair:3   | Noticed a skyshark
 16267 | Lair:3   | Killed a skyshark
 16268 | Lair:3   | Reached XP level 13. HP: 87/98 MP: 19/26
 16424 | Lair:3   | Found a hole to the Spider Nest.
 16452 | Lair:3   | Found a staircase to the Shoals.
 16469 | Lair:3   | Collided with a rock wall

Illustrated notes

Levels and vault maps discovered:
D:1:      lightli_arrival_noodles, layout_basic,
          hellmonk_ecumenical_altar_watching_god, kennysheep_small_spiral,
          hangedman_decor_opposing, minmay_vboxes
D:2:      layout_rooms, kennysheep_doodads
D:3:      minmay_wonky_spiral, layout_rooms, gammafunk_ghost_necromancy,
          kennysheep_generic_room_10, uniq_grinder
D:4:      layout_basic, lemuel_doored_altar, serial_shops, kennysheep_mini
D:5:      layout_gridville, nicolae_wu_jian_wuxing_cycle,
          nicolae_overflow_hidden_temple, st_stairs_1,
          chequers_serial_rivers_room_b, hangedman_abyss_or_decor_stagger,
          hangedman_abyss_or_decor_lesser_grid
D:6:      hellmonk_crumbling_castle, layout_cave_pools, uniq_duvessa
D:7:      layout_basic, mainiacjoe_overflow_tiny_flanked, amcnicky_altar_gilded,
          minmay_temple_entry_mini_moons, minmay_misc_feat_x
D:8:      minmay_s_stair_smasher, layout_basic, nicolae_vehumet_radiance,
          uniq_grum
D:9:      layout_irregular_city, minmay_lair_entry_grove, uniq_maggie
D:10:     cheibrodos_histonic, layout_basic, serial_ice, serial_ice_o,
          serial_ice_l, serial_ice_d, serial_ice_n, serial_ice_c,
          enter_bailey_2, uniq_erica
Temple:   nicolae_temple_figure_eight
Lair:1:   layout_long_grid, lemuel_fruit_tree, uniq_gastronok, uniq_nergalle
Lair:2:   layout_chaotic_city, chequers_serial_rivers_room_b,
          serial_bayou_pond_e
Lair:3:   layout_concentric_octagons, minmay_shoals_entry_beasts,
          spider_nest_entry_rubble, nicolae_lair_liquid_snakes,
          grunt_megastairs_1, serial_bayou_shore_b

Skill      XL: |  1  2  3  4  5  6  7  8  9 10 11 12 13 |
---------------+----------------------------------------+-----
Spellcasting   | 5 6 7 8 9 |  9.7
Stealth        | 6 7 8 9 10 | 10.2
Invocations    | 1 2 3 4 5 6 7 8 9 |  9.0
Fighting       | 1 2 3 5 6 7 8 |  8.2
Long Blades    | 1 2 3 5 6 7 8 |  8.2
Axes           | 1 2 3 5 6 7 8 |  8.2
Maces & Flails | 1 2 3 5 6 7 8 |  8.2
Polearms       | 1 2 3 5 6 7 8 |  8.2
Staves         | 1 2 3 5 6 7 8 |  8.2
Ranged Weapons | 1 2 3 5 6 7 8 |  8.2
Throwing       | 1 2 3 5 6 7 8 |  8.2
Armour         | 1 2 3 5 6 7 8 |  8.2
Shields        | 1 2 3 5 6 7 8 |  8.2
Unarmed Combat | 1 2 3 5 6 7 8 |  8.2
Evocations     | 1 2 3 5 6 7 8 |  8.2
Conjurations   | 1 2 3 4 5 6 |  6.8
Summonings     | 1 2 3 4 5 6 |  6.8
Necromancy     | 1 2 3 4 5 6 |  6.8
Translocations | 1 2 3 4 5 6 |  6.8
Transmutations | 1 2 3 4 5 6 |  6.8
Fire Magic     | 1 2 3 4 5 6 |  6.8
Ice Magic      | 1 2 3 4 5 6 |  6.8
Air Magic      | 1 2 3 4 5 6 |  6.8
Earth Magic    | 1 2 3 4 5 6 |  6.8
Poison Magic   | 1 2 3 4 5 6 |  6.8
Short Blades   | 3 4 5 6 7 8 |  8.6
Dodging        | 5 6 7 8 9 |  9.4
Hexes          | 6 7 8 |  8.8

Action                     |  1- 3 |  4- 6 |  7- 9 | 10-12 | 13-15 || total
---------------------------+-------+-------+-------+-------+-------++-------
  Melee: Dagger            |    57 |    83 |   225 |   728 |    20 ||  1113
         Bite              |     6 |     4 |    25 |    99 |     7 ||   141
         Unarmed           |       |     1 |       |       |       ||     1
         Punch             |       |     3 |     3 |    35 |       ||    41
  Throw: Dart              |       |       |     4 |     1 |       ||     5
         Javelin           |       |       |     4 |       |       ||     4
         Boomerang         |       |       |     1 |     2 |       ||     3
   Cast: Ensorcelled Hiber |    10 |    12 |    43 |    93 |     5 ||   163
         Confusing Touch   |       |     4 |     3 |    35 |     1 ||    43
         Tukima's Dance    |       |       |       |     1 |       ||     1
         Stone Arrow       |       |       |       |     4 |       ||     4
         Dazzling Flash    |       |       |       |     1 |       ||     1
  Evoke: Wand              |       |       |       |     2 |       ||     2
    Use: Scroll            |       |     9 |     6 |    11 |     1 ||    27
         Potion            |       |     1 |     4 |     8 |       ||    13
   Stab: Sleeping          |    16 |    19 |    41 |    80 |     1 ||   157
         Confused          |       |     2 |     4 |    33 |       ||    39
         Distracted        |       |       |       |     3 |       ||     3
 Armour: Robe              |     5 |       |    27 |    14 |       ||    46
         Acid dragon scale |       |       |       |   174 |    20 ||   194
  Dodge: Dodged            |    31 |    54 |   165 |   528 |    33 ||   811
  Block: Buckler           |       |       |       |     9 |    17 ||    26

Table legend: (Time is in decaauts)
 A = Elapsed time spent in this place.
 B = Non-inter-level travel time spent in this place.
 C = Inter-level travel time spent in this place.
 D = Time resting spent in this place.
 E = Time spent auto-exploring this place.
 F = Levels seen in this place.
 G = Mean time per level.
                   A        B        C        D        E       F      G
               +--------+--------+--------+--------+--------+-----+--------+
         Total |  16202 |  15656 |    546 |   5557 |   6685 |  15 | 1080.1 |
       Dungeon |  11503 |  11180 |    323 |   3804 |   5114 |  10 | 1150.3 |
        Temple |    249 |    208 |     41 |      0 |    202 |   1 |  249.0 |
          Lair |   3497 |   3315 |    182 |   1512 |   1142 |   3 | 1165.7 |
        Bailey |    952 |    952 |      0 |    240 |    226 |   1 |  952.0 |
               +--------+--------+--------+--------+--------+-----+--------+

Top non-repeatable levels by time:
  Lair:1: 2152 daAuts
     D:9: 1902 daAuts
     D:8: 1533 daAuts
    D:10: 1313 daAuts
     D:4: 1222 daAuts
     D:5: 1164 daAuts
  Lair:2: 1122 daAuts
     D:3: 958 daAuts
  Bailey: 952 daAuts
     D:6: 950 daAuts
     D:1: 880 daAuts
     D:7: 836 daAuts
     D:2: 742 daAuts
  Temple: 249 daAuts
  Lair:3: 221 daAuts
